 Dungeon Crawl Stone Soup version 0.22-a0-247-gbddf880 (webtiles) character file.

1283 Deeps the Covert (level 8, 0/55 HPs)
             Began as an Octopode Assassin on Feb 26, 2018.
             Was a Believer of Okawaru.
             Shot with an arrow by a centaur (10 damage)
             ... on level 6 of the Dungeon.
             The game lasted 00:10:57 (4511 turns).

Deeps the Covert (Octopode Assassin)                Turns: 4511, Time: 00:10:58

Health: 0/55       AC:  3    Str: 13    XL:     8   Next: 54%
Magic:  8/8        EV: 32    Int: 13    God:    Okawaru [**....]
Gold:   221        SH:  0    Dex: 22    Spells: 7/7 levels left

rFire    + . .     SeeInvis .   y - +6 dagger of Karma {pierce, *Noise rF+ Str-5 Dex+6}
rCold    . . .     Gourm    .   (no shield)
rNeg     . . .     Faith    .   (helmet restricted)
rPois    .         Spirit   .   v - amulet of the acrobat
rElec    .         Reflect  .   n - +3 ring of strength
rCorr    .         Harm     .   (no ring)
MR       .....                  (no ring)
Stlth    ++++++....             (no ring)
HPRegen  0.18/turn              (no ring)
MPRegen  0.11/turn              (no ring)
                                (no ring)
                                (no ring)

@: mighty
A: almost no armour, stealthy swim, amphibious, 8 rings, constrict 8, thin
metallic scales 1, camouflage 1, wild magic 1, gelatinous body 1
a: Heroism, Renounce Religion


You were on level 6 of the Dungeon.
You worshipped Okawaru.
Okawaru was pleased with you.
You were very hungry.

You visited 1 branch of the dungeon, and saw 6 of its levels.

You collected 221 gold pieces.

Inventory:

Hand Weapons
 a - a +2 dagger
 b - a +0 blowgun
 y - the +6 dagger of Karma (weapon) {pierce, *Noise rF+ Str-5 Dex+6}
   (You found it on level 4 of the Dungeon)

   It inflicts extra damage upon your enemies.
   It affects your strength (-5).
   It affects your dexterity (+6).
   It protects you from fire.
   It may make noises in combat.
Missiles
 c - 19 poisoned needles
 d - 6 curare-tipped needles
 o - 4 needles of paralysis
Jewellery
 e - an uncursed ring of magical power {unknown}
 n - a +3 ring of strength (left tentacle)
 v - an amulet of the acrobat (around mantle)
Wands
 A - a wand of random effects (29)
Scrolls
 g - 7 scrolls of identify {unknown}
 h - 3 scrolls of teleportation {unknown}
 i - a scroll of enchant weapon {unknown}
 j - 4 scrolls of remove curse {unknown}
 k - a scroll of blinking {unknown}
 q - 2 scrolls of fog {unknown}
 t - 2 scrolls of amnesia {unknown}
 u - a scroll of fear {unknown}
 w - a scroll of magic mapping {unknown}
 x - 3 scrolls of enchant armour {unknown}
 B - a scroll of immolation {unknown}
Potions
 l - a potion of might
 m - 6 potions of curing {unknown}
 p - 3 potions of lignification {unknown}
 r - a potion of magic {unknown}
 s - a potion of invisibility {unknown}
Comestibles
 f - 9 rations


   Skills:
 + Level 5.3 Fighting
 + Level 5.3 Short Blades
 - Level 2.0 Throwing
 + Level 5.0 Dodging
 + Level 9.0 Stealth


You had 7 spell levels left.
You didn't know any spells.

Dungeon Overview and Level Annotations

Branches:
Dungeon (6/15)             Temple (0/1) D:5

Altars:
Cheibriados
Nemelex Xobeh
Okawaru
Sif Muna
Trog
Uskayaw
Wu Jian
Zin
The Shining One


Innate Abilities, Weirdness & Mutations

You cannot wear most types of armour.
You are very stealthy in the water. (Stealth+)
You are amphibious.
You can wear up to eight rings at the same time.
You can use your tentacles to constrict eight enemies at once.
Your skin changes colour to match your surroundings (Stealth+).
Your rubbery body absorbs attacks. (AC +1, EV +1)
You are partially covered in thin metallic scales. (AC +2)
Your spells are a little harder to cast, but a little more powerful.


Message History

You kill the centaur!
Okawaru accepts your kill.
You completely miss the orc priest. You grab the orc priest.
You constrict the orc priest, but do no damage.
The orc priest hits you with a mace!
You puncture the orc priest!
You kill the orc priest!
Okawaru accepts your kill.
Your Dodging skill increases to level 5!
Your Stealth skill increases to level 9!
The centaur shouts!
The centaur wields a shortbow.
The centaur shoots an arrow.
The arrow barely misses you.
The centaur shoots an arrow.
The arrow completely misses you.
Items here: ( )))) [[[ ††† The centaur shoots an arrow.
The arrow hits you!
* * * LOW HITPOINT WARNING * * *
You see here an arrow.
The centaur shoots an arrow.
The arrow hits you!
You die...

##...c ...<.. ##..?>.
.$ ...#.# ....##..#.#
........#.#
#+#####.#.#
#.#...c...#########..+
#.........@()(...%(..#
#.......$...#####.....
#...........# ...
#...........#### .
##......)........
#..._...)...#####
#.......<.).#
#...........#
#.......#####


You could see a centaur.

Vanquished Creatures
  Sigmund (D:3)
  An ice beast (D:5)
  An orc warrior (D:6)
  2 sky beasts (D:5)
  The ghost of Umoon the Skirmisher, an amateur CeWr (D:3)
  2 centaurs
  An ogre (D:4)
  A bullfrog zombie (D:5)
  A crimson imp (D:5)
  A hound (D:4)
  An orc priest (D:6)
  A gnoll shaman (D:5)
  2 orc wizards (D:6)
  A worker ant (D:4)
  7 adders
  2 shadow imps
  2 worms
  3 dart slugs
  A leopard gecko (D:5)
  12 orcs
  8 bats
  7 giant cockroaches
  11 goblins
  4 hobgoblins
  17 jackals
  3 quokkas
  2 ball pythons
  5 frilled lizards
  9 kobolds
  3 quokka zombies
  12 rats
125 creatures vanquished.

Vanquished Creatures (others)
  A goblin (D:2)
1 creature vanquished.

Grand Total: 126 creatures vanquished

Notes
Turn   | Place    | Note
-------+----------+-------------------------------------------
     0 | D:1      | Deeps the Octopode Assassin began the quest for the Orb.
     0 | D:1      | Reached XP level 1. HP: 14/14 MP: 1/1
   100 | D:1      | Reached XP level 2. HP: 14/19 MP: 2/2
   471 | D:1      | Reached XP level 3. HP: 25/25 MP: 3/3
  1065 | D:2      | Reached XP level 4. HP: 18/30 MP: 4/4
  1114 | D:2      | Reached skill level 6 in Stealth
  1342 | D:2      | Found a deep blue altar of Sif Muna.
  1342 | D:2      | Found a glowing silver altar of Zin.
  1347 | D:2      | Found a glowing golden altar of the Shining One.
  1349 | D:2      | Found a bloodstained altar of Trog.
  1350 | D:2      | Found a snail-covered altar of Cheibriados.
  2200 | D:3      | Reached XP level 5. HP: 36/36 MP: 5/5
  2233 | D:3      | Noticed Umoon's ghost (amateur CeWr)
  2273 | D:3      | Killed Umoon's ghost
  2413 | D:3      | Found an iron altar of Okawaru.
  2421 | D:3      | Became a worshipper of Warmaster Okawaru
  2711 | D:3      | Reached XP level 6. HP: 38/42 MP: 6/6
  2719 | D:3      | Noticed Sigmund
  2727 | D:3      | Killed Sigmund
  2727 | D:3      | Reached skill level 7 in Stealth
  2768 | D:3      | Found a hide-covered altar of Uskayaw.
  2934 | D:4      | Reached XP level 7. HP: 43/48 MP: 7/7
  3098 | D:4      | Got a dazzling dagger
  3101 | D:4      | Identified the +6 dagger of Karma {pierce, *Noise rF+ Str-5 Dex+6} (You found it on level 4 of the Dungeon)
  3576 | D:5      | Entered Level 5 of the Dungeon
  3756 | D:5      | Gained mutation: Your spells are a little harder to cast, but a little more powerful. [potion of mutation]
  3756 | D:5      | Gained mutation: You are partially covered in thin metallic scales. (AC +2) [potion of mutation]
  3798 | D:5      | Reached * piety under Okawaru
  3798 | D:5      | Reached skill level 8 in Stealth
  3852 | D:5      | Reached XP level 8. HP: 54/54 MP: 8/8
  4072 | D:5      | Found a staircase to the Ecumenical Temple.
  4271 | D:5      | Found an ornate altar of the Wu Jian Council.
  4287 | D:5      | Reached skill level 5 in Fighting
  4450 | D:6      | Found a sparkling altar of Nemelex Xobeh.
  4453 | D:6      | Reached skill level 5 in Short Blades
  4508 | D:6      | Reached ** piety under Okawaru
  4508 | D:6      | Reached skill level 5 in Dodging
  4508 | D:6      | Reached skill level 9 in Stealth
  4511 | D:6      | Shot with an arrow by a centaur

Vault maps used:
D:1:      sevenhm_arrival_forest_fort_large_1
D:2:      cheibrodos_old_hovel, chequers_temple_overflow_minitemple,
          hangedman_feature_mirror, minmay_liquid_box
D:3:      marbit_many_paths, lemuel_coloured_pillars_altar, minmay_vboxes,
          uniq_sigmund
D:4:      first_ration
D:5:      kennysheep_little_box, minmay_temple_entry_overgrown, serial_glass,
          glass_columns_b, glass_columns_a, hangedman_decor_opposing,
          minivault_14, kennysheep_generic_room_8
D:6:      portal_sewer_entry_e, basic_altar, led_sif_pool

Skill      XL: |  1  2  3  4  5  6  7  8 |
---------------+-------------------------+-----
Dodging        | 2 3 4 5 |  5.0
Stealth        | 6 7 8 9 |  9.0
Fighting       | 3 4 5 |  5.3
Short Blades   | 3 4 5 |  5.3
Throwing       | |  2.0

Action                   |  1- 3 |  4- 6 |  7- 9 || total
-------------------------+-------+-------+-------++-------
Melee: Dagger            |    87 |    95 |    61 ||   243
       Constrict         |    18 |    27 |    13 ||    58
       Tentacles         |    14 |    24 |     9 ||    47
  Use: Potion            |       |     1 |     2 ||     3
 Stab: Sleeping          |    12 |     9 |    15 ||    36
       Distracted        |       |       |     1 ||     1
  Eat: Chunk             |       |     6 |     4 ||    10
Armor: Skin              |    11 |     4 |       ||    15
Dodge: Dodged            |    78 |    58 |    22 ||   158

Table legend:
 A = Spawn XP
 B = Non-spawn XP
 C = Spawn XP percentage of total XP
 D = Spawn monster count
 E = Non-spawn monster count
 F = Spawn count percentage of total count
 G = Total turns spent on level
                    A         B        C        D         E        F      G
               +---------+---------+-------+---------+---------+-------+---------
         Total |       0 |    1833 |   0.0 |       0 |     125 |   0.0 |  4511
               +---------+---------+-------+---------+---------+-------+---------
           D:1 |       0 |      41 |   0.0 |       0 |      27 |   0.0 |   884
           D:2 |       0 |      75 |   0.0 |       0 |      31 |   0.0 |   842
           D:3 |       0 |     428 |   0.0 |       0 |      32 |   0.0 |  1168
           D:4 |       0 |     217 |   0.0 |       0 |       7 |   0.0 |   682
           D:5 |       0 |     689 |   0.0 |       0 |      18 |   0.0 |   874
           D:6 |       0 |     383 |   0.0 |       0 |      10 |   0.0 |    61
               +---------+---------+-------+---------+---------+-------+---------
